 Dungeon Crawl Stone Soup version 0.17-a0-1069-g92ad481 (webtiles) character file.

168 Gorice the Covered (level 5, -4/32 HPs)
             Began as a Gargoyle Wanderer on May 17, 2015.
             Was an Initiate of Okawaru.
             Slain by Natasha (6 damage)
             ... on level 3 of the Dungeon.
             The game lasted 00:12:29 (1934 turns).

Gorice the Covered (Gargoyle Wanderer)              Turns: 1934, Time: 00:12:29

Health: -4/32      AC: 13    Str: 21    XL:     5   Next: 48%
Magic:  5/5        EV: 10    Int: 15    God:    Okawaru [......]
Gold:   159        SH:  0    Dex:  7    Spells: 0 memorised, 4 levels left

rFire  . . .     SeeInvis .     a - +0 quarterstaff
rCold  . . .     Clarity  .     c - +2 scale mail
rNeg   + . .     SustAb   .     (no shield)
rPois  ∞         Gourm    .     (no helmet)
rElec  +         Spirit   .     (no cloak)
rCorr  .         Warding  .     (no gloves)
rMut   .         Stasis   .     (no boots)
MR     .....                    (no amulet)
Stlth  ..........               (no ring)
                                (no ring)

@: mighty, invisible, not resistant to hostile enchantments, extremely
unstealthy
A: negative energy resistance 1, electricity resistance, unbreathing,
petrification resistance, rot immunity, AC +4
a: Renounce Religion


You were on level 3 of the Dungeon.
You worshipped Okawaru.
Okawaru was noncommittal.
You were not hungry.

You visited 1 branch of the dungeon, and saw 3 of its levels.

You collected 159 gold pieces.

Inventory:

Hand weapons
 a - a +0 quarterstaff (weapon)
 b - a +0 mace
 r - a +1 vampiric short sword
   (You took it off a kobold on level 3 of the Dungeon)
 v - a +2 dagger of venom
   (You took it off an orc on level 3 of the Dungeon)
Missiles
 e - 9 poisoned needles
 m - 14 bolts of frost
 p - 18 sling bullets
 q - 39 bolts
 Z - 71 stones (quivered)
Armour
 c - a +2 scale mail (worn)
Jewellery
 g - an uncursed ring of fire
Scrolls
 l - 3 scrolls of identify
 n - 3 scrolls of fog
 t - a scroll of noise {unknown}
 u - a scroll of magic mapping {!r}
 w - a scroll of teleportation {unknown}
Potions
 h - a potion of haste {!q}
Comestibles
 d - 3 bread rations {!e}
 f - a royal jelly
 i - 2 chunks of flesh
 j - 4 meat rations {!e}
 o - 2 beef jerkies


   Skills:
 + Level 3.1 Fighting
 - Level 1.0(2.8) Maces & Flails
 * Level 4.3(4.4) Staves
 - Level 4.3 Armour
 - Level 1.0 Dodging
 - Level 1.1 Stealth
   Level 1.0 Evocations


You had 4 spell levels left.
You didn't know any spells.

Dungeon Overview and Level Annotations

Branches:
Dungeon (3/15)

Altars:
Dithmenos
Okawaru
Zin

Annotations:
D:3 Natasha


Innate Abilities, Weirdness & Mutations

You are resistant to torment.
Your stone body is resilient (AC +4).
You are immune to poison.
You resist negative energy.
You are resistant to electric shocks.
You can survive without breathing.
You are immune to petrification.
You are immune to rotting.


Message History

Damage: 5 (max 15) Drink which item? (? for menu, Esc to quit)
Okay, then.
Unknown command.
Unknown command.
That item cannot be evoked!
Press: ? - help, v - describe, . - travel
Here: Natasha (severely wounded)
The floor, spattered with blood.
Unknown command.
You hear the brisk rusting of a very distant drain.
The adder bites you but does no damage. Natasha claws you but does no damage.
The adder bites you but does no damage.
Drink which item? (? for menu, Esc to quit)
Really quaff
s - a potion of might {!q}?
You feel very mighty all of a sudden. The adder bites you but does no damage.
Natasha closely misses you. The shadow imp misses you.
Unknown command.
You hit the adder.
The adder is moderately wounded.
The adder bites you but does no damage. Natasha barely misses you.
The shadow imp barely misses you.
You thump the adder!
You kill the adder!
Okawaru accepts your kill. The white imp gestures at you.
The puff of frost hits you!
The shadow imp hits you but does no damage.
Natasha claws you.
* * * LOW HITPOINT WARNING * * *
Damage: 2 (max 15)
The white imp hits you.
* * * LOW HITPOINT WARNING * * *
The white imp freezes you.
* * * LOW HITPOINT WARNING * * *
The shadow imp hits you but does no damage.
Natasha mewls in sadness.
Natasha claws you.
* * * LOW HITPOINT WARNING * * *
Damage: 7 (max 15) Read which item? (? for menu, Esc to quit)
Okay, then.
Drink which item? (? for menu, Esc to quit)
Really quaff
k - a potion of invisibility {!q}?
You fade into invisibility!
The white imp misses you. The shadow imp hits you.
* * * LOW HITPOINT WARNING * * *
Natasha claws you.
You die...

### ## #.. ..##
#.. ...##
#####... ....##
.......###......
###?..5@.......#
.....#.5h).#...#
###.##.._..# . #
###..#.).).#...
+...............
####...###......
##...#...!...
#...........
#..###......


You could see Natasha, a white imp and a shadow imp.

Vanquished Creatures
  A centaur zombie (D:3)
  Ijyb (D:2)
  Natasha (D:3)
  3 adders
  A worm (D:3)
  A giant gecko (D:2)
  2 orcs
  5 goblins
  7 hobgoblins
  2 jackals (D:1)
  11 kobolds
  A quokka (D:2)
  4 ball pythons
  6 bats
  4 giant cockroaches
  4 giant newts
  5 rats
59 creatures vanquished.

Notes
Turn   | Place    | Note
--------------------------------------------------------------
     0 | D:1      | Gorice the Gargoyle Wanderer began the quest for the Orb.
     0 | D:1      | Gorice set off with: a +2 scale mail, a +0 mace, a +0 quarterstaff, a bread ration {!e}
     0 | D:1      | Reached XP level 1. HP: 12/12 MP: 1/1
   181 | D:1      | Reached XP level 2. HP: 16/16 MP: 2/2
   341 | D:1      | Reached skill level 2 in Staves
   682 | D:2      | Noticed Ijyb
   723 | D:2      | Killed Ijyb
   723 | D:2      | Reached skill level 2 in Fighting
   723 | D:2      | Reached XP level 3. HP: 8/21 MP: 3/3
   830 | D:2      | Reached skill level 3 in Staves
   856 | D:2      | Reached XP level 4. HP: 19/27 MP: 4/4
  1259 | D:2      | Found a shadowy altar of Dithmenos.
  1385 | D:2      | Found a glowing silver altar of Zin.
  1556 | D:3      | Reached XP level 5. HP: 21/31 MP: 5/5
  1575 | D:3      | Reached skill level 4 in Staves
  1666 | D:3      | Noticed Natasha
  1681 | D:3      | Killed Natasha
  1681 | D:3      | Reached skill level 3 in Fighting
  1909 | D:3      | Found an iron altar of Okawaru.
  1913 | D:3      | Noticed Natasha
  1915 | D:3      | Became a worshipper of Warmaster Okawaru
  1932 | D:3      | HP: 9/32 [Natasha (2)]
  1933 | D:3      | HP: 3/32 [white imp[Natasha] (5)]
  1934 | D:3      | Slain by Natasha

Vault maps used:
D:1:      minmay_arrival_widening_spiral_wide, st_stairs_12, serial_park_tiny_1,
          minmay_shallow_snake_nest
D:2:      grunt_dithmenos_smoke_and_mirrors, lemuel_statue_altar, uniq_iyjb
D:3:      okawaru_ov_weapons_minmay, portal_sewer_entry_e, uniq_natasha

Action                   |  1- 3 |  4- 6 || total
-------------------------+-------+-------++-------
Melee: Quarterstaff      |   109 |   128 ||   237
Throw: Stone             |    21 |    13 ||    34
  Use: Scroll            |     6 |     1 ||     7
       Potion            |       |     2 ||     2
  Eat: Chunk             |       |     4 ||     4

Table legend:
 A = Turns spent in this place as a percentage of turns spent in the entire game.
 B = Non-inter-level travel turns spent in this place as a percentage of non-inter-level travel turns spent in the entire game.
 C = Inter-level travel turns spent in this place as a percentage of turns spent in this place.
 D = Turns resting spent in this place as a percentage of non-inter-level travel turns spent in this place.
 E = Turns spent auto-exploring this place as a percentage of non-inter-level travel turns spent in this place.
 F = Non-inter-level travel turns spent in this place divided by the number of levels of this place that you've seen.
                   A       B       C       D       E      F
               +-------+-------+-------+-------+-------+----------------------
         Total | 100.0 | 100.0 |   0.4 |   0.8 |   3.6 | 343.0
       Dungeon | 100.0 | 100.0 |   0.4 |   0.8 |   3.6 | 343.0
               +-------+-------+-------+-------+-------+----------------------

Vault maps used:
D:1:      minmay_arrival_widening_spiral_wide, st_stairs_12, serial_park_tiny_1,
          minmay_shallow_snake_nest
D:2:      grunt_dithmenos_smoke_and_mirrors, lemuel_statue_altar, uniq_iyjb
D:3:      okawaru_ov_weapons_minmay, portal_sewer_entry_e, uniq_natasha
